 Dungeon Crawl Stone Soup version 0.30.1-10-g1249ef9ec4 (webtiles) character file.

Game seed: 78151263778411407

32 lonewolfV2 the Trooper (level 3, 0/29 HPs)
             Began as a Demonspawn Fighter on Oct 26, 2023.
             Slain by a quokka (3 damage)
             ... on level 3 of the Dungeon.
             The game lasted 00:01:34 (1297 turns).

lonewolfV2 the Trooper (Demonspawn Fighter)         Turns: 1297, Time: 00:01:35

Health: 0/29       AC:  6    Str: 18    XL:     3   Next: 10%
Magic:  4/4        EV: 10    Int:  9    God:
Gold:   47         SH:  4    Dex: 12    Spells: 2/2 levels left

rFire   . . .        a - +0 war axe
rCold   . . .        c - +0 buckler
rNeg    . . .        b - +0 scale mail
rPois   .            (no helmet)
rElec   .            (no cloak)
rCorr   .            (no gloves)
SInv    .            (no boots)
Will    .....        (no amulet) Stlth
                     (no ring)
HPRegen 0.24/turn    (no ring)
MPRegen 0.09/turn

%: no passive effects
@: no status effects
A: claws 1, sturdy frame 1
a: no special abilities


You were on level 3 of the Dungeon.
You visited 1 branch of the dungeon, and saw 3 of its levels.

You collected 47 gold pieces.

Inventory:

Hand Weapons
 a - a +0 war axe (weapon)
Armour
 b - a +0 scale mail (worn)
 c - a +0 buckler (worn)
Scrolls
 f - a scroll of magic mapping {unknown}
 g - a scroll of amnesia {unknown}
Potions
 d - a potion of might
 e - a potion of ambrosia {unknown}
 h - 2 potions of flight {unknown}
 i - a potion of curing {unknown}


   Skills:
 - Level 3.0 Fighting
 - Level 1.7 Axes
 + Level 3.0 Armour
 * Level 1.7 Dodging
 - Level 2.6 Shields
 + Level 1.6 Invocations


You had 2 spell levels left.
You didn't know any spells.
Your spell library contained the following spells:

 Spells                   Type           Power      Damage    Failure   Level
 Call Canine Familiar     Summ           0%         N/A       97%         3
 Portal Projectile        Hex/Tloc       0%         N/A       97%         3
 Leda's Liquefaction      Hex/Erth       0%         N/A       100%        4


Dungeon Overview and Level Annotations

Branches:
Dungeon (3/15)

Altars:


Innate Abilities, Weirdness & Mutations

You have sharp fingernails.
Your movements are slightly less encumbered by armour. (ER -2)


Message History

The quokka bites you but does no damage.
The orc hits you with a +0 club. The quokka closely misses you.
You block the orc's attack. The quokka barely misses you.
You block the quokka's attack. The orc hits you with a +0 club.
The quokka bites you. You block the orc's attack. The quokka barely misses you.
You block the orc's attack. The quokka barely misses you.
The orc barely misses you. The quokka closely misses you.
The orc hits you but does no damage.
The quokka bites you but does no damage.
The quokka completely misses you. The orc closely misses you.
The quokka closely misses you. The orc hits you but does no damage.
The quokka closely misses you. The orc hits you but does no damage.
The quokka barely misses you. The orc barely misses you.
The quokka bites you but does no damage.
The orc barely misses you.
The quokka bites you but does no damage.
The quokka barely misses you. The orc barely misses you.
The quokka barely misses you. You block the orc's attack.
The quokka barely misses you. The orc closely misses you.
The quokka barely misses you. You block the orc's attack.
The quokka barely misses you. The orc closely misses you.
The quokka bites you but does no damage.
You block the quokka's attack. You block the orc's attack.
The quokka bites you. The orc hits you with a +0 club. The quokka bites you.
The orc misses you. The quokka bites you. You block the orc's attack.
The quokka bites you but does no damage.
You block the orc's attack. The quokka bites you.
The quokka bites you but does no damage.
The orc hits you with a +0 club.
* * * LOW HITPOINT WARNING * * *
The quokka closely misses you. You block the orc's attack.
The quokka closely misses you. The orc hits you with a +0 club.
* * * LOW HITPOINT WARNING * * *
You block the quokka's attack. The orc hits you with a +0 club.
* * * LOW HITPOINT WARNING * * *
The quokka bites you.
You die...

#. .## ..# #.#
#.## . # #####..#
...
....#......##.....
......o@..<......<
......r....$......
.........?........
.........?...##..#
............[# .#
........!....# #
.[.............
.............#.


You could see an orc and a quokka.

Vanquished Creatures
  3 endoplasms (D:1)
  4 giant cockroaches
  4 hobgoblins (D:1)
  2 jackals (D:1)
  3 kobolds
  2 ball pythons (D:1)
  5 bats
  3 frilled lizards
  A goblin (D:1)
  A rat (D:1)
28 creatures vanquished.

Notes
Turn   | Place    | Note
-------+----------+-------------------------------------------
     0 | D:1      | lonewolfV2 the Demonspawn Fighter began the quest for the
                  | Orb.
     0 | D:1      | Reached XP level 1. HP: 18/18 MP: 1/1
   232 | D:1      | Reached skill level 1 in Dodging
   232 | D:1      | Reached skill level 1 in Invocations
   232 | D:1      | Gained mutation: You have sharp fingernails. [demonic
                  | ancestry]
   232 | D:1      | Reached XP level 2. HP: 22/24 MP: 2/2
  1113 | D:2      | Gained mutation: Your movements are slightly less
                  | encumbered by armour. (ER -2) [demonic ancestry]
  1113 | D:2      | Reached XP level 3. HP: 29/29 MP: 4/4
  1297 | D:3      | Slain by a quokka

Illustrated notes

Levels and vault maps discovered:
D:1:      nicolae_arrival_memento_mori, layout_loops_ring,
          serial_co_window_serial, co_window_paths_a, co_window_paths_a,
          co_window_paths_a, co_window_corner_a, co_window_paths_a,
          co_window_broadway_c, co_window_corner_b, co_window_corner_ca,
          glass_columns_a, glass_columns_c
D:2:      layout_loops_ring, basic_altar
D:3:      layout_rooms, mainiacjoe_overflow_catwalk_spiral,
          minmay_fractal_squares_diagonal_5, uniq_ijyb, uniq_natasha,
          uniq_crazy_yiuf_cottage

Skill      XL: |  1  2 |
---------------+-------+-----
Dodging        | 1 |  1.7
Invocations    | 1 |  1.6
Armour         | 3 |  3.0
Fighting       | |  3.0
Axes           | |  1.7
Shields        | |  2.6

Action                     || total
---------------------------++-------
  Melee: War axe           ||    83
 Armour: Scale mail        ||    91
  Dodge: Dodged            ||   112
  Block: Buckler           ||    64
